 Dungeon Crawl Stone Soup version 0.30.0-29-ga12c61a403 (webtiles) character file.

Game seed: 11061278371760459821

86 cheesebisquit the Ruffian (level 4, -10/45 HPs)
             Began as a Troll Fighter on June 13, 2023.
             Killed from afar by Ijyb (22 damage)
             ... with a bolt of acid
             ... on level 3 of the Dungeon.
             The game lasted 00:03:52 (1478 turns).

cheesebisquit the Ruffian (Troll Fighter)           Turns: 1478, Time: 00:03:53

Health: -10/45     AC:  1    Str: 24    XL:     4   Next: 27%
Magic:  0/3        EV:  8    Int:  6    God:
Gold:   130        SH:  7    Dex:  9    Spells: 3/3 levels left

rFire   . .          .
                       - Unarmed
rCold   . . .        b - +0 kite shield
rNeg    . . .        a - +0 robe
rPois   .            (helmet restricted)
rElec   .            s - +0 cloak
rCorr   .            (gloves unavailable)
SInv    .            (boots unavailable)
Will    .....        g - amulet of guardian spirit
Stlth   +            (no ring)
HPRegen 1.07/turn    (no ring)
MPRegen 0.08/turn

%: guardian spirit
@: lethally poisoned (-10 -> -11), corroded
A: large, unfitting armour, claws 3, regeneration 1, shaggy fur 1, tough skin 1
a: no special abilities


You were on level 3 of the Dungeon.
You visited 1 branch of the dungeon, and saw 3 of its levels.

You collected 130 gold pieces.

Inventory:

Armour
 a - a +0 robe (worn)
 b - a +0 kite shield (worn)
 s - a +0 cloak (worn)
Jewellery
 g - an amulet of guardian spirit (around neck)
Wands
 u - a wand of roots (7) (quivered)
Scrolls
 h - a scroll of butterflies {unknown}
 k - 2 scrolls of noise {unknown}
 l - a scroll of brand weapon {unknown}
 m - a scroll of teleportation {unknown}
 p - a scroll of fog {unknown}
 q - a scroll of identify {unknown}
 r - a scroll of poison {unknown}
Potions
 c - a potion of might
 d - a potion of flight {unknown}
 e - 2 potions of cancellation {unknown}
 f - a potion of attraction {unknown}
 i - a potion of degeneration {unknown}
 j - a potion of berserk rage {unknown}
 n - a potion of curing {unknown}
 o - a potion of haste {unknown}
 v - a potion of brilliance {unknown}


   Skills:
 + Level 3.0 Fighting
 - Level 2.4 Dodging
 + Level 3.2 Shields
 * Level 3.5 Unarmed Combat


You had 3 spell levels left.
You didn't know any spells.
Your spell library contained the following spells:

 Spells                   Type           Power      Damage    Failure   Level
 Apportation              Tloc           0%         N/A       71%         1
 Necrotise                Necr           0%         1d4       71%         1
 Summon Small Mammal      Summ           0%         N/A       71%         1
 Cigotuvi's Dreadful Rot  Necr/Pois/Air  0%         N/A       85%         2
 Dazzling Flash           Conj/Hex       0%         N/A       97%         3
 Ignite Poison            Fire/Tmut/Pois 0%         N/A       97%         3
 Volatile Blastmotes      Fire/Tloc      0%         2d10      97%         3
 Dispel Undead            Necr           0%         3d6       100%        4
 Iskenderun's Mystic Bla  Conj/Tloc      0%         2d3       100%        4
 Sticky Flame             Conj/Fire      0%         2d3       100%        4
 Death Channel            Necr           0%         N/A       100%        6
 Starburst                Conj/Fire      0%         6d3       100%        6
 Ignition                 Fire           0%         3d3       100%        8


Dungeon Overview and Level Annotations

Branches:
Dungeon (3/15)

Altars:
Uskayaw

Shops:
D:2 [

Annotations:
D:3 Ijyb


Innate Abilities, Weirdness & Mutations

You are too large for most types of armour.
You have claws for hands.
Your natural rate of healing is unusually fast.
You are covered in fur. (AC +1)
You have tough skin. (AC +1)


Message History

You kill the goblin!
Ijyb zaps a wand.
The bolt of acid misses you.
A goblin comes into view. It is wielding a +0 dagger.
Found 11 gold pieces.
The goblin shouts!
Ijyb hits you with a +0 dagger.
Things that are here:
a +0 dagger; a scroll labelled GUDDYIC DIUNYC You scratch Ijyb.
Ijyb is moderately wounded.
The adder bites you but does no damage. Ijyb hits you but does no damage.
You barely miss Ijyb.
Ijyb is moderately wounded.
You block the adder's attack. Ijyb hits you with a +0 dagger.
You scratch Ijyb.
Ijyb is heavily wounded.
The adder bites you. Ijyb hits you with a +0 dagger. The adder bites you.
You are poisoned.
The adder poisons you!
You closely miss Ijyb.
Ijyb is heavily wounded.
You feel sick. The adder closely misses you.
Ijyb zaps a wand.
The bolt of acid hits you! The acid corrodes you!
You barely miss Ijyb.
Ijyb is heavily wounded.
You feel sick. You block the adder's attack. Ijyb hits you with a +0 dagger.
The goblin hits you with a +0 dagger.
You barely miss Ijyb.
Ijyb is heavily wounded.
You feel sick. The adder bites you. You block Ijyb's attack.
The goblin hits you with a +0 dagger. You block the adder's attack.
You closely miss the adder.
You feel sick. You block the adder's attack. Ijyb hits you with a +0 dagger.
The goblin hits you but does no damage.
You scratch the adder but do no damage.
You feel sick.
You are no longer poisoned.
The adder bites you.
* * * LOW HITPOINT WARNING * * *
You are poisoned.
The adder poisons you!
Ijyb zaps a wand.
The bolt of acid hits you!!
You die...

#..$....# #8.....8#
#.......# #8.....8#
#..((...# #8.....8# .
#..gg...# .. #8.S@).8#
.....+ ...#...).).##
.....# .........)..#
...<.####............#
.....................#
#....................#
#..................###
#..................#
#.†................###


You could see Ijyb, an adder and a goblin.

Vanquished Creatures
  A gnoll (D:1)
  2 adders (D:2)
  2 worms
  An orc (D:3)
  4 ball pythons
  7 endoplasms
  A giant cockroach (D:1)
  8 goblins
  5 hobgoblins
  3 quokkas
  9 frilled lizards
  A kobold (D:2)
  4 rats
48 creatures vanquished.

Notes
Turn   | Place    | Note
-------+----------+-------------------------------------------
     0 | D:1      | cheesebisquit the Troll Fighter began the quest for the
                  | Orb.
     0 | D:1      | Reached XP level 1. HP: 22/22 MP: 0/0
   146 | D:1      | Reached XP level 2. HP: 25/29 MP: 1/1
   599 | D:1      | Reached XP level 3. HP: 36/36 MP: 0/2
   723 | D:2      | Found Soataos's Antique Armour Boutique.
   915 | D:2      | Found a hide-covered altar of Uskayaw.
  1121 | D:2      | Reached XP level 4. HP: 44/44 MP: 3/3
  1464 | D:3      | Noticed Ijyb
  1478 | D:3      | Killed from afar by Ijyb

Illustrated notes

Levels and vault maps discovered:
D:1:      scummos_arrival_hexagon, layout_basic, minmay_pentomino_z2
D:2:      layout_basic, basic_altar, serial_shops, nicolae_shop_crystal,
          minmay_misc_feat_cross, serial_park_tiny_1
D:3:      kennysheep_the_goblin_king, layout_basic, grunt_ashenzari_visionary
          [grunt_ashenzari_visionary_shoals, grunt_ashenzari_visionary_snake],
          chequers_serial_rivers_micro_d

Skill      XL: |  1  2  3  4 |
---------------+-------------+-----
Shields        | 3 |  3.2
Unarmed Combat | 3 |  3.5
Fighting       | 3 |  3.0
Dodging        | |  2.4

Action                     |  1- 3 |  4- 6 || total
---------------------------+-------+-------++-------
  Melee: Unarmed           |    97 |    39 ||   136
  Throw: Dart              |       |     3 ||     3
  Evoke: Wand              |       |     1 ||     1
 Armour: Robe              |    33 |    16 ||    49
  Dodge: Dodged            |    20 |    13 ||    33
  Block: Kite shield       |    30 |    21 ||    51
